 Dungeon Crawl Stone Soup version 0.32-a0-42-ga30500b4d3 (webtiles) character file.

Game seed: 3603245051148534970

872 drugrobin the Cudgeller (level 7, 0/56 HPs)
             Began as a Demigod Delver on Feb 2, 2024.
             Killed by divine providence
             ... invoked by Jeremiah
              (14 damage)
             ... on level 6 of the Dungeon.
             The game lasted 00:12:36 (4862 turns).

drugrobin the Cudgeller (Demigod Delver)            Turns: 4862, Time: 00:12:36

Health: 0/56       AC:  8    Str: 21    XL:     7   Next: 45%
Magic:  6/9        EV: 12    Int: 12    God:
Gold:   37         SH:  0    Dex: 15    Spells: 2/6 levels left

rFire   + . .        a - +2 whip of Cheese {heavy, SInv}
rCold   . . .        (no shield)
rNeg    . . .        F - +3 leather armour {rF+}
rPois   .            E - +0 helmet
rElec   .            A - +0 cloak
rCorr   .            (no gloves)
SInv    +            (no boots)
Will    .....        (no amulet)
Stlth   +++          (no ring)
HPRegen 0.29/turn    (no ring)
MPRegen 0.11/turn

%: no passive effects
@: fugue
A: high MP 1, forlorn, divine attributes
a: no special abilities


You were on level 6 of the Dungeon.
You visited 1 branch of the dungeon, and saw 6 of its levels.

You collected 192 gold pieces.
You spent 155 gold pieces at shops.

Inventory:

Hand Weapons
 a - the +2 whip of Cheese (weapon) {heavy, SInv}
   (You found it on level 3 of the Dungeon)

   SInv:      It lets you see invisible.
 b - a +1 hammer of draining
 c - a +0 sling
 d - a +4 quarterstaff of chaos
Missiles
 o - 7 poisoned darts (quivered)
 s - 10 curare-tipped darts
 y - a boomerang
Armour
 m - a +1 scale mail of cold resistance
 A - a +0 cloak (worn)
 E - a +0 helmet (worn)
 F - a +3 leather armour of fire resistance (worn)
Wands
 g - a wand of digging (3)
 G - a wand of flame (13)
 H - a wand of charming (6)
Scrolls
 e - 3 scrolls of fear
 h - 4 scrolls of teleportation {unknown}
 k - 2 scrolls of identify {unknown}
 l - 2 scrolls of immolation {unknown}
 n - a scroll of enchant weapon {unknown}
 p - a scroll of silence {unknown}
 q - a scroll of enchant armour {unknown}
 t - a scroll of brand weapon {unknown}
 v - a scroll of noise {unknown}
 w - a scroll of blinking {unknown}
 z - 2 scrolls of revelation
 B - 3 scrolls of fog
 C - a scroll of poison {unknown}
 J - a scroll of amnesia {unknown}
Potions
 f - 2 potions of haste
 i - 3 potions of curing {unknown}
 j - a potion of ambrosia {unknown}
 r - a potion of lignification {unknown}
 u - a potion of mutation {unknown}
 x - 3 potions of magic {unknown}
 D - a potion of brilliance {unknown}
 I - a potion of degeneration {unknown}


   Skills:
 - Level 2.6 Fighting
 * Level 6.4 Maces & Flails
 - Level 1.7 Dodging
 - Level 4.5 Stealth
 + Level 4.5 Necromancy
 + Level 1.4 Evocations


You had 2 spell levels left.
You knew the following spells:

 Your Spells              Type           Power      Damage    Failure   Level
a - Necrotise             Necr           40%        1d6       6%          1
b - Fugue of the Fallen   Necr           10%        N/A       19%         3

Your spell library contained the following spells:

 Spells                   Type           Power      Damage    Failure   Level
 Apportation              Tloc           0%         N/A       36%         1
 Sting                    Conj/Alch      0%         1d3       36%         1
 Summon Small Mammal      Summ           0%         N/A       36%         1
 Static Discharge         Conj/Air       0%         3-3/arc   50%         2
 Vampiric Draining        Necr           10%        2d6       19%         3
 Ozocubu's Armour         Ice            0%         N/A       75%         3
 Martyr's Knell           Necr/Summ      5%         N/A       83%         4
 Curse of Agony           Necr           10%        N/A       86%         5
 Airstrike                Air            0%         2d(0-16)  98%         4
 Manifold Assault         Tloc           0%         N/A       98%         4
 Summon Lightning Spire   Summ/Air       0%         N/A       98%         4


Dungeon Overview and Level Annotations

Branches:
Dungeon (6/15)             Temple (0/1) D:4

Shops:
D:1 !   D:4 =   D:5 *

Annotations:
D:5 1 runed translucent door
D:6 Jeremiah


Innate Abilities, Weirdness & Mutations

You have an increased reservoir of magic. (+10% MP)
You shall have no god before yourself.
Your divine heritage dramatically boosts your attributes as you level up.


Message History

The orc barely misses you. The orc hits you with a +0 hand axe.
You barely miss the orc.
The orc is heavily wounded.
The orc barely misses you. x2
You hit the orc.
The orc is severely wounded.
You barely miss the orc.
The orc is severely wounded.
The orc hits you but does no damage. x3
You barely miss the orc.
The orc is heavily wounded.
The orc hits you but does no damage. x2
You hit the orc but do no damage.
The orc is heavily wounded.
The orc barely misses you. The orc hits you but does no damage.
You whack the orc!
You kill the orc!
The orc barely misses you.
You whack the orc!
You kill the orc!
The orc completely misses you.
The orc priest calls down the wrath of Beogh upon you.
Beogh smites you!
You whack the orc!
You kill the orc!
The orc priest calls down the wrath of Beogh upon you.
Pain shoots through your body!
The orc priest invokes the aid of Beogh against you.
Beogh smites you!
* * * LOW HITPOINT WARNING * * *
Items here: )) [[ †.
Unknown command.
Unknown command.
As you read the scroll of fear, it crumbles to dust.
You assume a fearsome visage.
Jeremiah resists with some effort.
The orc priest looks frightened!
Jeremiah shouts, "O dreadful one, destroy my foe!"
Something smites you!
You die...
Jeremiah asks, "Is it over?
Can I wake up now?"

######.#..# #..#
#.#..# #..#
#.#..#####..###
#.#...........##
#.##.#####.#...###
#.##.# #b#.#?...
#.##.# #F.....#
#.##.# #b#####..
######.##.# ##@##
#.........# #).#
#.#.####### #.#.#
#.#.# #.#.# #.#.#
#.... #.#.# ##....
#.#.# ..... ..#.#
###..# ....# ..#


You could see Jeremiah.

Vanquished Creatures
  Eustachio (D:5)
  2 water moccasins (D:5)
  A phantom (D:3)
  A scorpion (D:5)
  Crazy Yiuf (D:3)
  A hound (D:5)
  Ijyb (D:5)
  A sleepcap (D:4)
  Natasha (twice) (D:4)
  2 orc wizards (D:3)
  3 gnolls
  3 adders
  2 ufetubi (D:5)
  5 dart slugs
  A ribbon worm (D:3)
  8 orcs
  4 endoplasms
  4 giant cockroaches
  2 goblins
  9 hobgoblins
  3 jackals (D:2)
  4 quokkas
  10 ball pythons
  A bat (D:3)
  2 frilled lizards
  A goblin zombie (D:5)
  A jackal skeleton (D:5)
  4 kobolds
  A kobold skeleton (D:5)
  5 rats
86 creatures vanquished.

Vanquished Creatures (collateral kills)
  An adder (D:5)
1 creature vanquished.

Grand Total: 87 creatures vanquished

Notes
Turn   | Place    | Note
-------+----------+-------------------------------------------
     0 | D:5      | drugrobin the Demigod Delver began the quest for the Orb.
     0 | D:5      | Reached XP level 1. HP: 18/18 MP: 3/3
    37 | D:5      | Noticed a scorpion
   177 | D:4      | Noticed Natasha
   238 | D:1      | Reached skill level 2 in Maces & Flails
   436 | D:1      | Reached XP level 2. HP: 6/25 MP: 4/4
   590 | D:1      | Learned a level 1 spell: Necrotise
   638 | D:1      | Found Jukocw's Distillery.
   795 | D:1      | Reached skill level 3 in Maces & Flails
  1269 | D:2      | Reached XP level 3. HP: 30/30 MP: 5/5
  1901 | D:3      | Identified the +2 whip of Cheese {heavy, SInv}
  2020 | D:3      | Found a runed translucent door.
  2021 | D:3      | Noticed Crazy Yiuf
  2090 | D:3      | Reached skill level 4 in Maces & Flails
  2090 | D:3      | Reached XP level 4. HP: 24/37 MP: 6/6
  2098 | D:3      | Reached skill level 1 in Necromancy
  2389 | D:3      | Killed Crazy Yiuf
  2390 | D:3      | Reached XP level 5. HP: 5/42 MP: 7/7
  2561 | D:4      | Killed Natasha
  2655 | D:4      | Found Gixzosm's Jewellery Emporium.
  2687 | D:4      | Noticed Natasha
  2706 | D:4      | Killed Natasha
  2707 | D:4      | Reached skill level 5 in Maces & Flails
  2968 | D:4      | Found a staircase to the Ecumenical Temple.
  3140 | D:4      | Learned a level 3 spell: Fugue of the Fallen
  3148 | D:4      | Reached XP level 6. HP: 48/50 MP: 8/8
  3429 | D:5      | Found a runed translucent door.
  3429 | D:5      | Noticed Ijyb
  3430 | D:5      | Noticed a human
  3433 | D:5      | Noticed Eustachio
  3848 | D:5      | Killed Eustachio
  3960 | D:5      | Killed Ijyb
  3961 | D:5      | Reached XP level 7. HP: 35/56 MP: 9/9
  4168 | D:5      | Found Hirhosh's Serpentskin Sales.
  4181 | D:5      | Reached skill level 6 in Maces & Flails
  4191 | D:5      | Reached skill level 1 in Evocations
  4196 | D:5      | Bought 6 curare-tipped darts for 93 gold pieces
  4196 | D:5      | Bought 4 curare-tipped darts for 62 gold pieces
  4757 | D:6      | Noticed Jeremiah
  4862 | D:6      | Killed from afar by Jeremiah

Illustrated notes

Levels and vault maps discovered:
D:1:      enne_arrival_octagon_isle, layout_basic, serial_shops,
          nicolae_shop_industrial_runoff, solitary_fountain
D:2:      layout_rooms, serial_curves, eino_curves_04, eino_curves_01
D:3:      layout_rooms, columned_hall_lemuel, uniq_crazy_yiuf_cottage
D:4:      layout_basic, fiery_altar_vehumet, minmay_temple_entry_mini_moons,
          nicolae_take_the_stairs, uniq_natasha
D:5:      layout_loops_ring, mainiacjoe_overflow_alcove_4,
          overflow_temple_1_default, dk_yredelemnul_ordeal,
          mainiacjoe_overflow_boulevard, guppyfry_shop_venom, uniq_eustachio,
          uniq_ijyb
D:6:      layout_loops_ring, uniq_jeremiah

Skill      XL: |  1  2  3  4  5  6  7 |
---------------+----------------------+-----
Maces & Flails | 2 3 4 5 6 |  6.4
Necromancy     | 1 3 4 |  4.5
Evocations     | 1 |  1.4
Fighting       | |  2.6
Dodging        | |  1.7
Stealth        | |  4.5

Action                     |  1- 3 |  4- 6 |  7- 9 || total
---------------------------+-------+-------+-------++-------
  Melee: Mace              |    84 |    25 |     5 ||   114
         Whip              |    15 |   109 |    36 ||   160
         Flail             |     3 |       |       ||     3
         Punch             |       |     1 |       ||     1
   Fire: Sling             |    14 |       |       ||    14
  Throw: Dart              |     1 |    11 |       ||    12
   Cast: Necrotise         |    14 |     6 |     3 ||    23
         Fugue of the Fall |       |       |     3 ||     3
    Use: Scroll            |       |       |     1 ||     1
   Stab: Sleeping          |     2 |     1 |       ||     3
         Distracted        |     1 |       |       ||     1
 Armour: Leather armour    |    47 |       |    38 ||    85
         Scale mail        |    41 |   158 |       ||   199
         Plate armour      |       |    10 |       ||    10
  Dodge: Dodged            |    73 |   115 |    51 ||   239

Table legend: (Time is in decaauts)
 A = Elapsed time spent in this place.
 B = Non-inter-level travel time spent in this place.
 C = Inter-level travel time spent in this place.
 D = Time resting spent in this place.
 E = Time spent auto-exploring this place.
 F = Levels seen in this place.
 G = Mean time per level.
                   A        B        C        D        E       F      G
               +--------+--------+--------+--------+--------+-----+--------+
         Total |   4931 |   4647 |    284 |    439 |   2912 |   6 |  821.8 |
       Dungeon |   4931 |   4647 |    284 |    439 |   2912 |   6 |  821.8 |
               +--------+--------+--------+--------+--------+-----+--------+

Top non-repeatable levels by time:
     D:5: 1375 daAuts
     D:1: 1026 daAuts
     D:4: 958 daAuts
     D:3: 834 daAuts
     D:2: 600 daAuts
     D:6: 136 daAuts
